 Dungeon Crawl Stone Soup version 0.31-a0-986-g5e6e4ef867 (webtiles) character file.

Game seed: 7281613794290345022

59 wildpjah the Covered (level 4, -1/28 HPs)
             Began as a Tengu Fighter on Nov 20, 2023.
             Killed by divine providence
             ... invoked by an orc priest
              (13 damage)
             ... on level 3 of the Dungeon.
             The game lasted 00:02:07 (757 turns).

wildpjah the Covered (Tengu Fighter)                 Turns: 757, Time: 00:02:08

Health: -1/28      AC:  7    Str: 17    XL:     4   Next: 3%
Magic:  5/5        EV:  9    Int:  8    God:
Gold:   80         SH:  7    Dex: 15    Spells: 3/3 levels left

rFire   . . .        a - +0 long sword
rCold   . . .        n - +2 buckler
rNeg    . . .        b - +0 scale mail
rPois   .            (helmet restricted)
rElec   .            (no cloak)
rCorr   .            (no gloves)
SInv    +            (boots unavailable)
Will    .....        (no amulet) Stlth
                     m - ring of see invisible
HPRegen 0.24/turn    (no ring)
MPRegen 0.09/turn

%: acrobat
@: mighty
A: beak, talons 3, acrobatic
a: no special abilities


You were on level 3 of the Dungeon.
You visited 1 branch of the dungeon, and saw 3 of its levels.

You collected 80 gold pieces.

Inventory:

Hand Weapons
 a - a +0 long sword (weapon)
Armour
 b - a +0 scale mail (worn)
 c - a +0 buckler
 g - a +1 leather armour of positive energy
 n - a +2 buckler (worn)
Jewellery
 m - a ring of see invisible (left hand)
Scrolls
 f - a scroll of summoning {unknown}
 i - 3 scrolls of identify {unknown}
 l - a scroll of amnesia {unknown}
Potions
 e - 3 potions of mutation {unknown}
 h - a potion of brilliance {unknown}
 j - 2 potions of enlightenment {unknown}
 k - a potion of curing {unknown}


   Skills:
 + Level 3.3 Fighting
 + Level 3.1 Long Blades
 + Level 3.9 Armour
 * Level 0.7 Dodging
 + Level 3.3 Shields


You had 3 spell levels left.
You didn't know any spells.
Your spell library contained the following spells:

 Spells                   Type           Power      Damage    Failure   Level
 Poisonous Vapours        Pois/Air       0%         N/A       95%         2
 Alistair's Intoxication  Tmut/Pois      0%         N/A       100%        5
 Freezing Cloud           Conj/Ice/Air   0%         6-21      100%        5
 Plasma Beam              Fire/Air       0%         2x1d10    100%        6


Dungeon Overview and Level Annotations

Branches:
Dungeon (2/15)

Altars:

Shops:
D:1 ?   D:2 ?


Innate Abilities, Weirdness & Mutations

You have a beak for a mouth.
You have claws for feet.
You can magically evade attacks while moving or waiting.


Message History

A ball python comes into view.
The ball python hisses angrily.
Found a scroll labelled SOH ZANNIEWO.
The ball python completely misses you. x2
You closely miss the ball python. Your peck misses the ball python.
You block the ball python's attack. The ball python grabs you.
The ball python constricts you. You block the ball python's attack.
The ball python constricts you.
You slash the ball python!
You kill the ball python!
No target in view!
You see here a ball python corpse.
You now have 80 gold pieces (gained 15).
i - 3 scrolls labelled SOH ZANNIEWO (gained 1)
A malevolent force fills the Dungeon...
You fall into a shaft and drop 1 floor!
The shaft crumbles and collapses.
You hear the sound of rushing water.
There is an entrance to a sewer on this level.
Hurry and find it before the portal rusts away!
An orc opens the door.
Found 24 gold pieces.
An orc priest and 2 orcs come into view.
The orc shouts! x2; You hear a shout!
The orc priest moves out of view.
The orc shouts!
The orc priest shouts!
The orc priest invokes the aid of Beogh against you.
Beogh smites you! The orc completely misses you.
You feel very mighty all of a sudden. The orc hits you with a +0 whip.
You slash the orc!
You kill the orc!
You have reached level 4!
You feel stronger.
You barely miss the orc. You claw the orc!
You kill the orc!
You slash the orc!
You kill the orc!
The orc priest mumbles some strange prayers to Beogh against you.
Beogh smites you!
You die...

+# ... ####
.... #..#
.....
##.##..$...
#..@)o....$
#..##......
#### .....
.... ... +#


You could see an orc priest.

Vanquished Creatures
  A dart slug (D:2)
  3 orcs (D:3)
  7 ball pythons
  5 bats
  An endoplasm (D:1)
  3 giant cockroaches (D:1)
  A goblin (D:2)
  3 hobgoblins (D:1)
  9 jackals (D:1)
  5 quokkas
  2 frilled lizards (D:1)
  5 kobolds
  3 rats
48 creatures vanquished.

Notes
Turn   | Place    | Note
-------+----------+-------------------------------------------
     0 | D:1      | wildpjah the Tengu Fighter began the quest for the Orb.
     0 | D:1      | Reached XP level 1. HP: 14/14 MP: 2/2
    31 | D:1      | Reached XP level 2. HP: 18/19 MP: 3/3
   180 | D:1      | Found Isheew's Magic Scroll Emporium.
   199 | D:1      | Reached XP level 3. HP: 6/23 MP: 4/4
   512 | D:1      | Got the Papyrus of the Baneful Lungs
   693 | D:2      | Found Ponkip's Magic Scroll Shop.
   749 | D:2      | You fall into a shaft and drop 1 floor!
   756 | D:3      | Reached XP level 4. HP: 11/28 MP: 5/5
   757 | D:3      | Killed from afar by an orc priest

Illustrated notes

Levels and vault maps discovered:
D:1:      lemuel_arrival_broad_hall, layout_rooms, serial_shops,
          nicolae_shop_tiny_glass, minmay_statues_item
D:2:      layout_rooms, serial_shops, nicolae_shop_pleasant_corner_grove,
          minmay_indecisive_spiral
D:3:      layout_loops_corners, nicolae_dithmenos_through_a_glass_darkly,
          lemuel_crystal_altar, gup_sewer_entry_spiral

Skill      XL: |  1  2  3 |
---------------+----------+-----
Long Blades    | 3 |  3.1
Fighting       | |  3.3
Armour         | |  3.9
Dodging        | |  0.7
Shields        | |  3.3

Action                     |  1- 3 |  4- 6 || total
---------------------------+-------+-------++-------
  Melee: Long sword        |    91 |     2 ||    93
         Kick              |    13 |     1 ||    14
         Peck              |    10 |       ||    10
    Use: Potion            |     1 |       ||     1
 Armour: Scale mail        |    47 |       ||    47
  Dodge: Dodged            |    68 |       ||    68
  Block: Buckler           |    30 |       ||    30

Table legend: (Time is in decaauts)
 A = Elapsed time spent in this place.
 B = Non-inter-level travel time spent in this place.
 C = Inter-level travel time spent in this place.
 D = Time resting spent in this place.
 E = Time spent auto-exploring this place.
 F = Levels seen in this place.
 G = Mean time per level.
                   A        B        C        D        E       F      G
               +--------+--------+--------+--------+--------+-----+--------+
         Total |    784 |    774 |     10 |      0 |    493 |   3 |  261.3 |
       Dungeon |    784 |    774 |     10 |      0 |    493 |   3 |  261.3 |
               +--------+--------+--------+--------+--------+-----+--------+

Top non-repeatable levels by time:
     D:1: 572 daAuts
     D:2: 203 daAuts
     D:3: 8 daAuts
